 Dungeon Crawl Stone Soup version 0.28.0-49-g6dfe1f597d (webtiles) character file.

Game seed: 12151520384919024414

4077 Exodus22XD the Cleaver (level 10, -14/77 HPs)
             Began as a Minotaur Fighter on May 14, 2022.
             Was a Priest of Hepliaklqana.
             Demolished by an orc warrior
             ... wielding a +1 halberd of electrocution
              (19 damage)
             ... in a bailey.
             The game lasted 00:07:29 (7207 turns).

Exodus22XD the Cleaver (Minotaur Fighter)           Turns: 7207, Time: 00:07:31

Health: -14/77     AC: 10    Str: 26    XL:     10   Next: 5%
Magic:  13/13      EV:  9    Int:  5    God:    Hepliaklqana [***...]
Gold:   339        SH:  4    Dex:  9    Spells: 9/9 levels left

rFire   . . .      SeeInvis .   a - +0 war axe
rCold   . . .      Faith    .   c - +0 buckler
rNeg    . . .      Spirit   .   b - +0 scale mail
rPois   .          Reflect  .   (helmet restricted)
rElec   .          Harm     .   h - +0 cloak
rCorr   .          Rampage  .   (no gloves)
Will    .....                   (no boots)
Stlth   ..........              o - amulet of regeneration
HPRegen 1.02/turn               (no ring)
MPRegen 0.13/turn               (no ring)

@: no status effects
A: reduced essence, horns 2, retaliatory headbutt
a: Renounce Religion, Recall Ancestor, Ancestor Identity, Transference


You were in a bailey.
You worshipped Hepliaklqana.
Hepliaklqana was most pleased with you.
You visited 1 branch of the dungeon, and saw 7 of its levels.
You also visited: Bailey.

You collected 339 gold pieces.

Inventory:

Hand Weapons
 a - a +0 war axe (weapon)
 y - a +0 whip of electrocution
Missiles
 A - 4 throwing nets (quivered)
Armour
 b - a +0 scale mail (worn)
 c - a +0 buckler (worn)
 h - a +0 cloak (worn)
 x - a +0 kite shield
Jewellery
 g - a +6 ring of intelligence
 o - an amulet of regeneration (around neck)
Wands
 q - a wand of paralysis (8)
Scrolls
 e - 3 scrolls of amnesia {unknown}
 i - a scroll of enchant weapon {unknown}
 j - 3 scrolls of vulnerability {unknown}
 k - 4 scrolls of teleportation
 l - 3 scrolls of identify {unknown}
 p - a scroll of acquirement {unknown}
 s - a scroll of immolation {unknown}
 v - a scroll of summoning {unknown}
 z - a scroll of enchant armour {unknown}
 B - a scroll of brand weapon {unknown}
Potions
 d - 3 potions of might
 f - 3 potions of degeneration {unknown}
 m - a potion of attraction {unknown}
 n - a potion of lignification {unknown}
 r - 3 potions of heal wounds
 t - a potion of curing {unknown}
 u - a potion of mutation {unknown}
 w - 2 potions of berserk rage {unknown}
 C - a potion of haste {unknown}


   Skills:
 + Level 7.1 Fighting
 + Level 10.4 Axes
 + Level 0.3(6.5) Maces & Flails
 + Level 10.2 Armour
 + Level 5.4 Shields
 * Level 6.1 Invocations


You had 9 spell levels left.
You didn't know any spells.
Your spell library was empty.

Dungeon Overview and Level Annotations

Branches:
Dungeon (7/15)             Temple (0/1) D:5          Bailey (1/1)

Altars:
Hepliaklqana
Okawaru
Sif Muna
Trog
The Shining One

Shops:
D:1 [[([?   D:6 :


Innate Abilities, Weirdness & Mutations

Your life essence is reduced to manifest your ancestor. (-10% HP)
You have a pair of horns on your head.
You reflexively headbutt those who attack you in melee.


Message History

No target in view!
Things that are here:
a +1 halberd of electrocution; a gnoll corpse You open the door.
An orc warrior and 2 gnolls come into view.
A gnoll is wielding a +1 halberd of electrocution.
The orc warrior is wielding a +1 halberd of electrocution.
A gnoll is wielding a +1 halberd of electrocution.
The gnoll shouts!
The orc warrior shouts!
The gnoll shouts!
Found six items.
Okay, then.
Unknown command.
Found a potion of heal wounds, a sedimented cyan potion and 2 brown potions.
The gnoll hits you from afar with a +1 halberd of electrocution.
The orc warrior hits you but does no damage.
There is an open door here.
The gnoll hits you with a +1 halberd of electrocution.
You are electrocuted!
The gnoll hits you from afar with a +1 halberd of electrocution!
You see here a brown potion.
You hit the gnoll.
The gnoll is lightly wounded.
You hit the orc warrior. You block the gnoll's attack.
The gnoll hits you from afar with a +1 halberd of electrocution!
The orc warrior hits you with a +1 halberd of electrocution!
Decima points at the gnoll and mumbles some strange words.
The puff of frost misses the gnoll.
You closely miss the orc warrior.
The orc warrior is lightly wounded.
You closely miss the gnoll.
The gnoll hits you with a +1 halberd of electrocution.
The gnoll closely misses you. The orc warrior closely misses you.
You block the gnoll's attack.
Unknown command.
You hit the orc warrior. Your headbutt misses the orc warrior.
The orc warrior is lightly wounded.
You barely miss the gnoll.
The gnoll hits you from afar with a +1 halberd of electrocution!
The orc warrior hits you with a +1 halberd of electrocution!!
* * * LOW HITPOINT WARNING * * *
You are electrocuted!!
You die...

##### ##)'.##
+##+##R###'##+##+
#!.!g@## ##.....#
#.!g!o# ###.....#
+!.⌠.!+ #.'..⌠..+
#.!.!.# ###.....#
#!.!.!# ##.....##
+##+##+###'##+##'##
#g#.## ##.# #####
### #'#
##)#)###)###.#


You could see the friendly Decima the battlemage, an orc warrior and 2 gnolls.

Vanquished Creatures
  A hydra (D:7)
  A troll (D:5)
  An ice beast (D:4)
  2 ogres
  A bullfrog (D:6)
  A gnoll sergeant (D:6)
  3 scorpions
  2 water moccasin zombies (D:4)
  2 wights (D:5)
  A centaur zombie (D:4)
  A bullfrog skeleton (D:7)
  3 gnoll shamans (D:6)
  2 hounds
  3 orc priests
  2 jellies (D:6)
  A scorpion zombie (D:4)
  Natasha (thrice) (D:3)
  A hound zombie (D:4)
  2 hound skeletons (D:4)
  12 gnolls
  7 adders
  A shadow imp (D:7)
  An ufetubus (D:5)
  An adder skeleton (D:4)
  An adder zombie (D:4)
  A dart slug (D:3)
  15 orcs
  2 ball pythons
  4 bats
  5 endoplasms
  4 giant cockroaches
  2 goblins
  5 hobgoblins
  A jackal (D:6)
  2 quokkas
  5 frilled lizards
  4 kobolds
  3 rats
109 creatures vanquished.

Vanquished Creatures (collateral kills)
  A two-headed ogre (D:6)
  Maggie (D:6)
  A water moccasin (D:5)
  A black bear (D:4)
  A centaur (D:5)
  A gnoll sergeant (D:6)
  A scorpion (D:5)
  A water moccasin skeleton (D:4)
  A wight (D:5)
  A howler monkey (D:7)
  2 bullfrog zombies
  3 orc priests (D:6)
  An iguana (D:6)
  2 orc wizards (D:4)
  A scorpion zombie (D:5)
  A hound zombie (D:4)
  7 gnolls
  2 adders
  7 orcs
  2 ball pythons
  A bat (D:3)
  An endoplasm (D:3)
  A jackal (D:6)
  A quokka (D:5)
  A goblin (D:1)
43 creatures vanquished.

Vanquished Creatures (others)
  A battlemage (D:7)
  2 plants (D:1)
  2 withered plants (D:4)
5 creatures vanquished.

Grand Total: 157 creatures vanquished

Notes
Turn   | Place    | Note
-------+----------+-------------------------------------------
     0 | D:1      | Exodus22XD the Minotaur Fighter began the quest for the
                  | Orb.
     0 | D:1      | Reached XP level 1. HP: 19/19 MP: 0/0
    24 | D:1      | Found Yplarun's Weapon Shoppe.
   249 | D:1      | Found Wocexkyi's Antique Armour Boutique.
   259 | D:1      | Found a faded altar of an unknown god.
   288 | D:1      | Prayed at the altar of an unknown god.
   288 | D:1      | Became a worshipper of Hepliaklqana the Forgotten
   288 | D:1      | Reached * piety under Hepliaklqana
   297 | D:1      | Found Igamyqo's Magic Scroll Emporium.
   307 | D:1      | Reached XP level 2. HP: 6/24 MP: 1/1
   895 | D:1      | Reached XP level 3. HP: 26/29 MP: 2/2
  1028 | D:1      | Found Alashraop's Armour Boutique.
  1364 | D:1      | Found Qaim's Armour Shoppe.
  1841 | D:2      | Reached XP level 4. HP: 36/36 MP: 3/3
  2166 | D:2      | Identified the +8 dagger of Baxoah {vorpal, rElec rN+}
  2441 | D:3      | Reached ** piety under Hepliaklqana
  2442 | D:3      | Remembered your ancestor Decima as a battlemage
  2513 | D:3      | Noticed Natasha
  2519 | D:3      | Killed Natasha
  2520 | D:3      | Reached XP level 5. HP: 30/42 MP: 4/4
  2788 | D:3      | Noticed Natasha
  2793 | D:3      | Killed Natasha
  2837 | D:3      | Noticed Natasha
  2842 | D:3      | Killed Natasha
  2913 | D:4      | Noticed a black bear
  2919 | D:4      | Killed a black bear
  2920 | D:4      | Reached skill level 5 in Axes
  2920 | D:4      | Reached skill level 5 in Armour
  2920 | D:4      | Reached XP level 6. HP: 41/49 MP: 5/5
  3021 | D:4      | Reached skill level 1 in Invocations
  3051 | D:4      | Reached skill level 5 in Fighting
  3383 | D:4      | Reached XP level 7. HP: 51/54 MP: 7/7
  3908 | D:5      | Entered Level 5 of the Dungeon
  4131 | D:5      | Found a glowing golden altar of the Shining One.
  4144 | D:5      | Reached XP level 8. HP: 52/62 MP: 9/9
  4522 | D:5      | Noticed a troll
  4527 | D:5      | Killed a troll
  5306 | D:5      | Found a staircase to the Ecumenical Temple.
  5395 | D:6      | Noticed a two-headed ogre
  5397 | D:6      | Reached *** piety under Hepliaklqana
  5403 | D:6      | Killed a two-headed ogre
  5404 | D:6      | Reached skill level 5 in Shields
  5404 | D:6      | Reached skill level 5 in Invocations
  5404 | D:6      | Reached XP level 9. HP: 38/69 MP: 11/11
  6111 | D:6      | Found Awkusm's Book Boutique.
  6366 | D:6      | Noticed Maggie
  6375 | D:6      | Killed Maggie
  6712 | D:6      | Found a shimmering blue altar of Sif Muna.
  6827 | D:7      | Reached skill level 10 in Axes
  6866 | D:7      | Found a bloodstained altar of Trog.
  6866 | D:7      | Found an iron altar of Okawaru.
  6929 | D:7      | Noticed a troll
  6929 | D:7      | Noticed a four-headed hydra
  6938 | D:7      | Reached skill level 10 in Armour
  6944 | D:7      | Killed a four-headed hydra
  6945 | D:7      | Reached XP level 10. HP: 26/77 MP: 13/13
  7031 | D:7      | Found a flagged portal.
  7089 | Bailey   | Entered a bailey
  7207 | Bailey   | Demolished by an orc warrior

Illustrated notes

Levels and vault maps discovered:
D:1:      eino_arrival_water_cross, layout_loops_corners, serial_forest,
          infiniplex_forest_clump_medium, infiniplex_forest_straight_5,
          infiniplex_forest_clump_double, infiniplex_forest_lined_1,
          infiniplex_forest_end_2, infiniplex_forest_zigzag_2,
          infiniplex_forest_end_1, serial_shops,
          nicolae_shop_bloodbath_and_beyond, nicolae_shop_trees, shop,
          shop_fountains, nicolae_shop_statue_plus,
          ebering_ecumenical_altar_abandoned, fountainhead, minmay_tetromino_l2
D:2:      layout_loops_ring
D:3:      layout_rooms, uniq_natasha
D:4:      layout_basic, serial_undead, serial_undead_a, serial_undead_c,
          serial_undead_f, serial_undead_d, lemuel_flame_loot_1
D:5:      layout_basic, tso_metal_star, minmay_temple_entry_nine_rooms
D:6:      layout_cave_pools, nicolae_overflow_hidden_temple, serial_gnoll_camp,
          gnoll_camp_mini_house, gnoll_camp_mini_hut, gnoll_camp_mini_shop,
          gnoll_camp_mini_hut, gnoll_camp_medium_01, gnoll_camp_mini_hut,
          uniq_maggie
D:7:      layout_loops_ring, grunt_temple_overflow_bloody_war,
          mainiacjoe_overflow_alcove_2, gammafunk_temple_overflow_arena,
          enter_bailey_8, grunt_ministairs_5, minmay_chambers_of_fives
Bailey:   bailey_polearm_nasty_gnolls, bailey

Skill      XL: |  1  2  3  4  5  6  7  8  9 |
---------------+----------------------------+-----
Fighting       | 4 5 6 7 |  7.1
Armour         | 4 5 6 8 10 | 10.2
Shields        | 4 5 |  5.4
Axes           | 3 4 5 6 7 9 10 | 10.4
Invocations    | 1 3 5 6 |  6.1
Maces & Flails | |  0.3

Action                   |  1- 3 |  4- 6 |  7- 9 | 10-12 || total
-------------------------+-------+-------+-------+-------++-------
Melee: War axe           |    71 |    73 |   128 |    16 ||   288
       Headbutt          |     6 |    11 |    38 |     4 ||    59
       Whip              |       |       |    12 |     1 ||    13
Invok: Ancestor Life: Ba |       |     1 |       |       ||     1
       Recall Ancestor   |       |     1 |       |     1 ||     2
       Transference      |       |       |       |     1 ||     1
  Use: Scroll            |       |     1 |       |       ||     1
 Stab: Distracted        |       |     1 |     1 |       ||     2
Armor: Scale mail        |    48 |    50 |    56 |     4 ||   158
Dodge: Dodged            |    28 |    30 |    58 |    13 ||   129
Block: Buckler           |    11 |    20 |    23 |     7 ||    61
